Match 39692753
Unlisted

Match 39692753
End
Construct Barracks
1⁄4-ton 4x4 Truck
Riflemen Squad
Engineer Squad
Construct Weapon Support Center
Bazooka Squad
Riflemen Squad
M1919 Machine Gun Team
Construct Medical Station
Mechanized Support Center
Selects Heavy Weapons
Selects M2HB .50cal Heavy Machine Gun
M3 Armored Personnel Carrier
Riflemen Squad
M1918 Browning Automatic Rifles
Construct Motor Pool
Selects Assault Carriers
Selects Exchangeable Parts
Forward Retreat Point
Designate Forward Repair Station
M3 75 mm Gun Motor Carriage
Grenade Package
M3 75 mm Gun Motor Carriage
Riflemen Squad
Selects M26 Pershing Heavy Tank
M26 Pershing Heavy Tank
Improvised Armor
Improvised Armor
wila
LittleFatty233
AshCo Dismas
1738720734
xyz毑輒
12392089
内裤里的恶魔
Calm
0
0

Comments sign in to comment!

No comments posted yet!